 Dungeon Crawl Stone Soup version 0.28-a0-828-g0121872642 (webtiles) character file.

Game seed: 6595462692681511460

693 dickylongcocking the Summoner (level 7, 0/59 HPs)
             Began as a Barachi Summoner on Nov 10, 2021.
             Slain by a water moccasin (8 damage)
             ... in a sewer.
             The game lasted 00:06:10 (6492 turns).

dickylongcocking the Summoner (Barachi Summoner)    Turns: 6492, Time: 00:06:11

Health: 0/59       AC:  2    Str:  8 (9)  XL:     7   Next: 64%
Magic:  1/10       EV: 12    Int: 18      God:
Gold:   80         SH:  0    Dex: 11 (12) Spells: 4/10 levels left

rFire   . . .      SeeInvis .   n - +3 dagger (venom)
rCold   . . .      Faith    .   (no shield)
rNeg    . . .      Spirit   .   a - +0 robe
rPois   .          Reflect  .   (no helmet)
rElec   .          Harm     .   (no cloak)
rCorr   .          Rampage  .   (no gloves)
Will    .....                   (no boots)
Stlth   ++........              (no amulet)
HPRegen 0.19/turn               (no ring)
MPRegen 0.12/turn               (no ring)

@: lethally poisoned (0 -> -2), unable to hop, slow
A: amphibious, slowness 1, strong legs 1, +LOS
a: Hop


You were in a sewer.
You visited 1 branch of the dungeon, and saw 5 of its levels.
You also visited: Sewer.

You collected 80 gold pieces.

Inventory:

Hand Weapons
 b - a +0 dagger
 c - a +0 war axe
 g - a +0 spear
 n - a +3 dagger of venom (weapon)
Armour
 a - a +0 robe (worn)
Jewellery
 e - a ring of positive energy
 h - a ring of see invisible
Scrolls
 j - a scroll of fog
 l - a scroll of noise
 m - 2 scrolls of enchant weapon
Potions
 i - a potion of degeneration


   Skills:
 * Level 6.6 Fighting
 - Level 2.2 Dodging
 - Level 1.7 Stealth
 - Level 2.2 Spellcasting
 * Level 8.5 Summonings


You had 4 spell levels left.
You knew the following spells:

 Your Spells              Type           Power      Damage    Failure   Level
a - Summon Small Mammal   Summ           100%       N/A       1%          1
b - Call Imp              Summ           32%        N/A       1%          2
c - Call Canine Familiar  Summ           32%        N/A       1%          3

Your spell library contained the following spells:

 Spells                   Type           Power      Damage    Failure   Level
 Summon Guardian Golem    Hex/Summ       17%        N/A       10%         3
 Slow                     Hex            4%         N/A       19%         1
 Sublimation of Blood     Necr           1%         N/A       26%         2
 Wereblood                Tmut           1%         N/A       26%         2
 Summon Lightning Spire   Summ/Air       17%        N/A       30%         4
 Confusing Touch          Hex            1%         N/A       47%         3
 Olgreb's Toxic Radiance  Pois           1%         N/A       87%         4
 Yara's Violent Unravell  Hex/Tmut       0%         3d3       99%         5
 Summon Hydra             Summ           16%        N/A       99%         7
 Ozocubu's Refrigeration  Ice            0%         4d5       100%        7
 Ignition                 Fire           0%         3d3       100%        8


Dungeon Overview and Level Annotations

Branches:
Dungeon (5/15)              Sewer (1/1)
 Temple: D:4-7

Altars:
Hepliaklqana
Yredelemnul

Shops:
D:1 :   D:3 *


Innate Abilities, Weirdness & Mutations

You are amphibious.
You cover ground slowly.
You can hop short distances.
You have an extended range of vision and can be seen from far away.


Message History

Casting: Call Canine Familiar (safe; 1% risk of failure)
Confirm with . or Enter, or press ? or * to list all spells.
The water moccasin bites your quokka.
Your quokka dies!
Your quokka's corpse disappears in a puff of smoke!
Your hound bites the water moccasin.
Unknown command.
Unknown command.
Unknown command.
Okay, then.
Unknown command.
You aren't carrying any items that you can evoke.
Unknown command.
As you read the scroll labelled EKHLAN FUMELANEPU, it crumbles to dust.
The creatures around you are filled with an inner flame!
It was a scroll of immolation.
Unknown command.
Unknown command.
You hear an explosion!
The water moccasin barely misses you.
Unknown command.
The water moccasin bites you!
You are poisoned.
The water moccasin poisons you!
Unknown command.
Unknown command.
Okay, then.
You feel very sick.
Unknown command.
Unknown command.
You feel sick. The water moccasin bites you!
* * * LOW HITPOINT WARNING * * *
Unknown command.
Unknown command.
Unknown command.
You feel sick.
Unknown command.
Your legs are too worn out to hop.
You feel sick. The water moccasin bites you!
You die...

##..†..## #...≈...#
#..≈†≈..# #.≈≈≈≈≈.#
#..≈≈≈..# #...≈...#
##.....## ##...##
##@## #S# #.# #.#
#.# #.#
###########.####....
#!.∩....h§..........
################....


You could see a water moccasin (inner flame).

Vanquished Creatures
  A water moccasin (D:4)
  A scorpion (D:4)
  An orc priest (D:4)
  An iguana (D:4)
  A killer bee zombie (D:5)
  5 adders
  2 river rats (D:5)
  An adder skeleton (D:4)
  A dart slug (D:1)
  3 orcs
  5 ball pythons
  3 endoplasms
  5 giant cockroaches
  7 goblins
  3 hobgoblins
  5 kobolds
  6 quokkas
  7 bats
  3 frilled lizards
  A quokka skeleton (D:4)
  5 rats
67 creatures vanquished.

Vanquished Creatures (collateral kills)
  A centaur (D:4)
  2 water moccasin skeletons
  An orc wizard (D:4)
  4 gnolls (D:2)
  4 adders (D:2)
  A dart slug (D:3)
  6 orcs
  2 bats
  An endoplasm (D:4)
  3 giant cockroaches
  A goblin (D:1)
  2 hobgoblins
  2 jackals (D:3)
  3 kobolds
  2 quokkas
  4 ball pythons
  A frilled lizard (D:1)
  3 rats
43 creatures vanquished.

Grand Total: 110 creatures vanquished

Notes
Turn   | Place    | Note
-------+----------+-------------------------------------------
     0 | D:1      | dickylongcocking the Barachi Summoner began the quest for
                  | the Orb.
     0 | D:1      | Reached XP level 1. HP: 13/13 MP: 3/3
   131 | D:1      | Reached skill level 5 in Summonings
   195 | D:1      | Reached skill level 1 in Fighting
   195 | D:1      | Reached XP level 2. HP: 20/21 MP: 1/5
   198 | D:1      | Learned a level 2 spell: Call Imp
  1004 | D:1      | Found Gienk's Book Emporium.
  1234 | D:1      | Reached XP level 3. HP: 27/27 MP: 6/6
  1321 | D:1      | Learned a level 3 spell: Call Canine Familiar
  1414 | D:1      | Found a faded altar of an unknown god.
  1999 | D:2      | Reached XP level 4. HP: 32/34 MP: 7/7
  2107 | D:2      | Reached skill level 6 in Summonings
  2454 | D:2      | Found a basalt altar of Yredelemnul.
  3213 | D:2      | Reached XP level 5. HP: 41/41 MP: 0/8
  3339 | D:3      | Found Hanain's Assorted Antiques.
  4251 | D:4      | Noticed a water moccasin
  4259 | D:4      | Killed a water moccasin
  4260 | D:4      | Reached skill level 7 in Summonings
  4260 | D:4      | Reached XP level 6. HP: 10/50 MP: 5/9
  4652 | D:4      | Reached skill level 5 in Fighting
  4726 | D:4      | Found a hazy altar of Hepliaklqana.
  4728 | D:4      | Found a faded altar of an unknown god.
  5237 | D:4      | Reached XP level 7. HP: 44/56 MP: 10/10
  5600 | D:4      | Reached skill level 8 in Summonings
  6125 | D:5      | Entered Level 5 of the Dungeon
  6389 | D:5      | Found a glowing drain.
  6393 | Sewer    | Entered a sewer
  6492 | Sewer    | Slain by a water moccasin

Illustrated notes

Levels and vault maps discovered:
D:1:      psy_arrival_basics, layout_loops_corners,
          shapermc_ecumenical_altar_notcrosses, serial_shops,
          nicolae_shop_temple_entry_statues_fountains
D:2:      layout_basic, basic_altar
D:3:      layout_loops_ring, serial_shops, shop
D:4:      minmay_general_purpose_star, layout_gridville,
          beargit_hepliaklqana_dungeon_heroes, kennysheep_generic_room_12
D:5:      layout_basic, gup_sewer_entry_spiral
Sewer:    sewer_big_baddie

Skill      XL: |  1  2  3  4  5  6  7 |
---------------+----------------------+-----
Summonings     | 5 6 7 8 |  8.5
Fighting       | 1 2 3 4 5 6 |  6.6
Dodging        | |  2.2
Stealth        | |  1.7
Spellcasting   | |  2.2

Action                   |  1- 3 |  4- 6 |  7- 9 || total
-------------------------+-------+-------+-------++-------
Melee: Dagger            |    30 |    49 |    85 ||   164
       Unarmed           |     3 |     7 |       ||    10
       War axe           |    36 |    17 |       ||    53
       Spear             |       |    33 |       ||    33
 Cast: Summon Small Mamm |     7 |     1 |     1 ||     9
       Call Imp          |     7 |     4 |     4 ||    15
       Call Canine Famil |     4 |    10 |     7 ||    21
 Abil: Hop               |       |     5 |     1 ||     6
  Use: Potion            |       |     4 |       ||     4
       Scroll            |       |     5 |     3 ||     8
 Stab: Sleeping          |     4 |     4 |     5 ||    13
       Distracted        |       |     1 |     2 ||     3
Armor: Robe              |    11 |    13 |    21 ||    45
       Skin              |       |     6 |       ||     6
Dodge: Dodged            |    69 |    81 |    76 ||   226

Table legend: (Time is in decaauts)
 A = Elapsed time spent in this place.
 B = Non-inter-level travel time spent in this place.
 C = Inter-level travel time spent in this place.
 D = Time resting spent in this place.
 E = Time spent auto-exploring this place.
 F = Levels seen in this place.
 G = Mean time per level.
                   A        B        C        D        E       F      G
               +--------+--------+--------+--------+--------+-----+--------+
         Total |   7043 |   6837 |    206 |   1354 |   4515 |   6 | 1173.8 |
       Dungeon |   6939 |   6733 |    206 |   1354 |   4461 |   5 | 1387.8 |
         Sewer |    104 |    104 |      0 |      0 |     54 |   1 |  104.0 |
               +--------+--------+--------+--------+--------+-----+--------+

Top non-repeatable levels by time:
     D:1: 2242 daAuts
     D:4: 2003 daAuts
     D:2: 1377 daAuts
     D:3: 1021 daAuts
     D:5: 294 daAuts
   Sewer: 104 daAuts
